 Dungeon Crawl Stone Soup version 0.29.1-2-gbd0b4ee654 (webtiles) character file.

Game seed: 2495446214273639052

987 H0rd4k the Insei (level 8, -10/54 HPs)
             Began as an Octopode Artificer on Nov 30, 2022.
             Was an Initiate of Gozag.
             Mangled by a gnoll sergeant
             ... wielding a +4 antimagic spear
              (11 damage)
             ... on level 4 of the Dungeon.
             The game lasted 00:05:31 (6086 turns).

H0rd4k the Insei (Octopode Artificer)               Turns: 6086, Time: 00:05:31

Health: -10/54     AC:  1    Str: 12    XL:     8   Next: 18%
Magic:  0/13       EV: 13    Int: 15    God:    Gozag
Gold:   400        SH:  0    Dex: 12    Spells: 12/14 levels left

rFire   . . .      SeeInvis .     - Unarmed
rCold   + . .      Faith    .   (no shield)
rNeg    . . .      Spirit   .   (helmet restricted)
rPois   .          Reflect  .   (no amulet)
rElec   .          Harm     .   h - ring of protection from cold
rCorr   .          Rampage  .   (no ring)
Will    .....                   (no ring)
Stlth   +++.......              (no ring)
HPRegen 0.18/turn               (no ring)
MPRegen 0.13/turn               (no ring)
                                (no ring)
                                (no ring)

@: gold aura
A: almost no armour, amphibious, 8 rings, camouflage 1, gelatinous body 1,
(nimble swimmer 1), tentacles
a: Renounce Religion, Potion Petition, Call Merchant, Bribe Branch


You were on level 4 of the Dungeon.
You worshipped Gozag.
Gozag was aware of your devotion.
You visited 2 branches of the dungeon, and saw 6 of its levels.

You collected 476 gold pieces.
You paid 76 gold pieces to Gozag.

Inventory:

Missiles
 m - 10 poisoned darts
 p - 2 throwing nets
Jewellery
 h - a ring of protection from cold (left tentacle)
 o - an amulet of faith
 y - a +4 ring of evasion
Wands
 b - a wand of flame (13) (quivered)
 c - a wand of charming (12)
Scrolls
 a - 2 scrolls of summoning {unknown}
 d - a scroll of fog {unknown}
 e - 4 scrolls of teleportation {unknown}
 g - a scroll of vulnerability {unknown}
 i - 4 scrolls of identify {unknown}
 j - 2 scrolls of enchant armour {unknown}
 k - a scroll of noise {unknown}
 n - a scroll of brand weapon {unknown}
 t - 2 scrolls of fear {unknown}
 u - a scroll of poison {unknown}
 x - 2 scrolls of blinking {unknown}
 z - a scroll of silence {unknown}
Potions
 f - 3 potions of heal wounds {unknown}
 l - a potion of lignification {unknown}
 q - a potion of might {unknown}
 r - a potion of cancellation {unknown}
 s - a potion of brilliance {unknown}
 v - a potion of ambrosia {unknown}
 w - a potion of attraction {unknown}


   Skills:
 * Level 4.4 Fighting
 - Level 2.3 Dodging
 - Level 1.3 Stealth
 + Level 6.2 Unarmed Combat
 * Level 3.9 Spellcasting
 * Level 1.7 Poison Magic
 - Level 3.2 Evocations


You had 12 spell levels left.
You knew the following spells:

 Your Spells              Type           Power      Damage    Failure   Level
a - Poisonous Vapours     Pois/Air       10%        N/A       19%         2

Your spell library contained the following spells:

 Spells                   Type           Power      Damage    Failure   Level
 Sting                    Tmut/Pois      20%        1d4       13%         1
 Slow                     Hex            8%         N/A       19%         1
 Confusing Touch          Hex            2%         N/A       50%         3
 Vampiric Draining        Necr           2%         2d6       50%         3
 Olgreb's Toxic Radiance  Pois           8%         N/A       65%         4


Dungeon Overview and Level Annotations

Branches:
Dungeon (5/15)             Temple (1/1) D:4

Altars:
Ashenzari
Cheibriados
Dithmenos
Elyvilon
Fedhas
Gozag
Makhleb
Okawaru
Ru
Sif Muna
Trog
Uskayaw
Wu Jian
Xom
Yredelemnul
Zin

Shops:
D:2 [((

Annotations:
D:4 exclusion: 2 downstairs


Innate Abilities, Weirdness & Mutations

You cannot wear most types of armour.
You are amphibious.
You can wear up to eight rings at the same time.
Your skin changes colour to match your surroundings (Stealth+).
Your rubbery body absorbs attacks. (AC +1, EV +1)
((You are camouflaged when in or above water. (Stealth+)))
You have tentacles for arms and can constrict up to eight enemies at once.


Message History

A gnoll comes into view. It is wielding a +0 club.
There are monsters nearby!
A gnoll comes into view. It is wielding a +0 mace.
The gnoll shouts! x2
The orc wizard shouts!
The orc wizard mumbles some strange words.
The orc wizard flickers and vanishes!
Deactivating autopickup; reactivate with Ctrl-A.
The gnoll sergeant throws a stone.
The stone hits you.
The gnoll sergeant throws a stone.
The stone hits you.
There is a stone staircase leading up here.
The gnoll sergeant throws a stone.
The stone barely misses you.
There is a stone staircase leading up here.
The gnoll sergeant hits you with a +4 antimagic spear!
You feel your power leaking away.
There is a stone staircase leading up here.
The gnoll sergeant hits you with a +4 antimagic spear!
You feel your power leaking away.
You climb upwards.
Level annotation: exclusion: 2 downstairs Reactivating autopickup.
There is a stone staircase leading down here.
You barely miss the gnoll. Your grab misses the gnoll.
The gnoll hits you with a +0 flail.
The gnoll sergeant hits you with a +4 antimagic spear!
* * * LOW HITPOINT WARNING * * *
You feel your power leaking away.
You tentacle-slap the gnoll. Your grab misses the gnoll. You squeeze the gnoll.
The gnoll is severely wounded.
You tentacle-slap the gnoll.
You kill the gnoll!
The gnoll sergeant hits you with a +4 antimagic spear!
* * * LOW HITPOINT WARNING * * *
Aiming: Charm
Press: ? - help, Shift-Dir - straight line, f - gnoll sergeant
Aim: a gnoll sergeant, wielding a +4 antimagic spear, wearing a +0 ring mail and quivering stones (chance to affect: 57%)
The gnoll sergeant resists with significant effort.
The gnoll sergeant hits you with a +4 antimagic spear!
You die...
Your body crumbles into a pile of gold.

..#####.## #.# ###.#
#.###...############
.........).........#
#....############..#
###..# #.## ##..#
##.# ##..## #.g#
#...## #@## ..#..#
#$# ####.## #.# #
#..# #.# # ##.## #.#
#..# ####.#
##.######....#
#...#....####
###...####


You could see a gnoll sergeant.

Vanquished Creatures
  Grinder (D:3)
  Sigmund (D:2)
  An ice beast (D:5)
  An ogre (D:5)
  A phantom (D:5)
  A scorpion (D:4)
  2 hounds
  A jelly (D:5)
  2 orc priests
  An orc wizard (D:3)
  2 adders
  2 gnolls
  2 ufetubi
  4 dart slugs (D:4)
  21 orcs
  7 ball pythons
  4 bats
  6 endoplasms
  A goblin (D:1)
  4 hobgoblins
  4 jackals
  4 quokkas
  A frilled lizard (D:3)
  9 kobolds
  8 rats
91 creatures vanquished.

Vanquished Creatures (collateral kills)
  A rat (D:1)
1 creature vanquished.

Vanquished Creatures (others)
  An endoplasm (D:1)
  11 plants
12 creatures vanquished.

Grand Total: 104 creatures vanquished

Notes
Turn   | Place    | Note
-------+----------+-------------------------------------------
     0 | D:1      | H0rd4k the Octopode Artificer began the quest for the Orb.
     0 | D:1      | Reached XP level 1. HP: 13/13 MP: 1/1
   104 | D:1      | Reached XP level 2. HP: 2/18 MP: 2/2
   463 | D:1      | Reached skill level 1 in Spellcasting
   926 | D:1      | Found a faded altar of an unknown god.
  1526 | D:2      | Found a glowing silver altar of Zin.
  1658 | D:2      | Found Wieh's Weapon Boutique.
  1664 | D:2      | Found Itatzoyl's Armour Boutique.
  1673 | D:2      | Reached XP level 3. HP: 17/24 MP: 4/4
  2167 | D:2      | Found Ischahoab's Weapon Shop.
  2172 | D:2      | Noticed Sigmund
  2179 | D:2      | Reached skill level 1 in Unarmed Combat
  2181 | D:2      | Killed Sigmund
  2182 | D:2      | Reached skill level 2 in Unarmed Combat
  2182 | D:2      | Reached XP level 4. HP: 21/31 MP: 5/7
  2182 | D:2      | Reached XP level 5. HP: 24/36 MP: 5/8
  3065 | D:3      | Found an iron altar of Okawaru.
  3095 | D:3      | Reached XP level 6. HP: 31/42 MP: 10/10
  3207 | D:3      | Reached skill level 3 in Unarmed Combat
  3518 | D:3      | Noticed Grinder
  3518 | D:3      | Paralysed by Grinder for 2 turns
  3521 | D:3      | Paralysed by Grinder for 2 turns
  3528 | D:3      | Killed Grinder
  3529 | D:3      | Reached skill level 4 in Unarmed Combat
  3529 | D:3      | Reached XP level 7. HP: 41/47 MP: 11/11
  4099 | D:4      | Found a staircase to the Ecumenical Temple.
  4189 | Temple   | Entered the Ecumenical Temple
  4308 | Temple   | Became a worshipper of Gozag Ym Sagoz the Greedy
  4436 | D:4      | Found an ornate altar of the Wu Jian Council.
  4750 | D:4      | Reached skill level 5 in Unarmed Combat
  5111 | D:5      | Entered Level 5 of the Dungeon
  5217 | D:4      | Learned a level 2 spell: Poisonous Vapours
  5298 | D:5      | Reached skill level 1 in Poison Magic
  5404 | D:5      | Reached XP level 8. HP: 25/54 MP: 13/13
  5839 | D:5      | Reached skill level 6 in Unarmed Combat
  6085 | D:4      | HP: 1/54 [gnoll sergeant/+4 antimagic spear (10)]
  6086 | D:4      | Mangled by a gnoll sergeant

Illustrated notes

Levels and vault maps discovered:
D:1:      heliophobic_arrival_enchanted_forest, layout_basic,
          dilly_ecumenical_altar_fadedgnrine, serial_forest,
          infiniplex_forest_straight_4, infiniplex_forest_clump_medium,
          infiniplex_forest_clump_large, infiniplex_forest_straight_5,
          infiniplex_forest_clump_diagonal, infiniplex_forest_lined_1
D:2:      layout_loops_cross, basic_altar, serial_shops, nicolae_shop_stone,
          shop, shop, serial_co_window_serial, co_window_paths_b,
          co_window_of_opportunity_a, co_window_of_opportunity_a,
          co_window_corner_a, co_window_corner_a, co_window_paths_c,
          co_window_cross_3, co_window_corner_b, co_window_4corner_a,
          co_window_paths_e, glass_columns_a, glass_columns_c, glass_columns_a,
          glass_columns_a, hangedman_decor_points, uniq_sigmund
D:3:      layout_basic, okawaru_trees_2, portal_sewer_entry_d, uniq_grinder
D:4:      layout_rooms, pdpol_wu_jian_five_deadly_venoms,
          minmay_temple_entry_enclosed_plants, chequers_big_river
D:5:      layout_cave_pools
Temple:   nicolae_temple_bog_church

Skill      XL: |  1  2  3  4  5  6  7  8 |
---------------+-------------------------+-----
Spellcasting   | 1 2 3 |  3.9
Fighting       | 2 3 4 |  4.4
Unarmed Combat | 2 4 5 6 |  6.2
Poison Magic   | 1 |  1.7
Dodging        | |  2.3
Stealth        | |  1.3
Evocations     | |  3.2

Action                   |  1- 3 |  4- 6 |  7- 9 || total
-------------------------+-------+-------+-------++-------
Melee: Unarmed           |    68 |    59 |    84 ||   211
       Tentacles         |    10 |    12 |    26 ||    48
       Constrict         |    16 |    18 |    18 ||    52
       Punch             |       |     1 |     4 ||     5
Evoke: Wand              |     4 |     2 |    15 ||    21
 Stab: Sleeping          |     8 |     2 |     3 ||    13
Armor: Skin              |     5 |     4 |     2 ||    11
Dodge: Dodged            |    43 |    32 |    41 ||   116
